 Dungeon Crawl Stone Soup version 0.21.1-1-g345015f (webtiles) character file.

11188 keltmir the Protected (level 11, -2/89 HPs)
             Began as a Gnoll Wanderer on Apr 8, 2018.
             Was an Elder of Okawaru.
             Slain by a minotaur (17 damage)
             ... in a labyrinth.
             The game lasted 00:47:01 (12435 turns).

keltmir the Protected (Gnoll Wanderer)             Turns: 12435, Time: 00:47:01

Health: -2/89      AC: 18    Str: 16    XL:     11   Next: 73%
Magic:  20/20      EV: 11    Int: 19    God:    Okawaru [****..]
Gold:   521        SH:  0    Dex: 19    Spells: 10/22 levels left

rFire    . . .     SeeInvis +   b - +5 long sword of Tenacity {slice, Dex+4}
rCold    . . .     Gourm    .   (no shield)
rNeg     . . .     Faith    .   B - +2 chain mail {MR+}
rPois    .         Spirit   .   v - +1 helmet {Int+3}
rElec    .         Reflect  .   (no cloak)
rCorr    .         Harm     .   (no gloves)
MR       +....     Clarity  +   C - +0 pair of boots
Stlth    +.........             (no amulet)
HPRegen  0.24/turn              s - +2 ring of slaying
MPRegen  0.17/turn              r - ring of see invisible

@: very slightly contaminated
A: distributed training, fangs 1, clarity, deterioration 1, mutation resistance
1, strong nose
a: Heroism, Renounce Religion


You were in a labyrinth.
You worshipped Okawaru.
Okawaru was greatly pleased with you.
You were not hungry.

You visited 2 branches of the dungeon, and saw 12 of its levels.
You also visited: Labyrinth and Sewer.

You collected 671 gold pieces.
You spent 150 gold pieces at shops.

Inventory:

Hand Weapons
 a - a +2 blowgun
 b - the +5 long sword of Tenacity (weapon) {slice, Dex+4}
   (You found it on level 4 of the Dungeon)

   It inflicts extra damage upon your enemies.
   It affects your dexterity (+4).
 y - a +0 war axe of flaming
Missiles
 c - 2 curare-tipped needles
 o - 67 poisoned needles
 A - 3 javelins (quivered)
 D - 3 throwing nets
Armour
 v - a +1 helmet of intelligence (worn)
 B - a +2 chain mail of magic resistance (worn)
 C - a +0 pair of boots (worn)
Jewellery
 g - an uncursed ring of protection from fire
 k - an uncursed ring of flight
 r - a ring of see invisible (right hand)
 s - a +2 ring of slaying (left hand)
 w - a +3 ring of evasion
 x - an uncursed ring of positive energy
 N - an uncursed ring of resist corrosion
 Q - an uncursed ring of magical power
Wands
 p - a wand of paralysis (10)
 H - a wand of acid (5)
 P - a wand of digging (8)
 R - a wand of polymorph (16)
 U - a wand of iceblast (8)
Scrolls
 e - 2 scrolls of vulnerability {unknown}
 h - 4 scrolls of remove curse
 q - 3 scrolls of fog
 E - 2 scrolls of teleportation
 F - a scroll of fear
 G - a scroll of blinking
 J - a scroll of enchant weapon {unknown}
 K - 2 scrolls of enchant armour
 M - 2 scrolls of amnesia
 S - 2 scrolls of immolation {unknown}
 T - a scroll of identify
Potions
 d - 4 potions of haste
 i - 2 potions of cancellation
 j - 2 potions of berserk rage
 l - 2 potions of agility
 n - a potion of invisibility
 t - 5 potions of curing
 u - 6 potions of brilliance
 z - 4 potions of might
 L - a potion of lignification
Books
 m - a book of Minor Magic

   Spells                             Type                      Level
   a - Magic Dart                     Conjuration                  1
   b - Blink                          Translocation                2
   c - Call Imp                       Summoning                    2
   d - Slow                           Hexes                        2
   e - Conjure Flame                  Conjuration/Fire             3
   f - Mephitic Cloud                 Conjuration/Poison/Air       3
 I - a book of Geomancy

   Spells                             Type                      Level
   a - Sandblast                      Earth                        1
   b - Passwall                       Transmutation/Earth          2
   c - Stone Arrow                    Conjuration/Earth            3
   d - Petrify                        Transmutation/Earth          4
   e - Lee's Rapid Deconstruction     Earth                        5
 O - a book of Maledictions

   Spells                             Type                      Level
   a - Corona                         Hexes                        1
   b - Ensorcelled Hibernation        Hexes/Ice                    2
   c - Confuse                        Hexes                        3
   d - Tukima's Dance                 Hexes                        3
   e - Dazzling Spray                 Conjuration/Hexes            3
Comestibles
 f - 15 rations


   Skills:
 + Level 9.3 Fighting
 + Level 6.4 Short Blades
 + Level 6.4 Long Blades
 + Level 6.4 Axes
 + Level 6.4 Maces & Flails
 + Level 6.4 Polearms
 + Level 6.4 Staves
 + Level 6.4 Slings
 + Level 6.4 Bows
 + Level 6.4 Crossbows
 + Level 7.0 Throwing
 + Level 12.0 Armour
 + Level 6.4 Dodging
 + Level 6.4 Stealth
 + Level 6.4 Shields
 + Level 6.4 Unarmed Combat
 + Level 6.4 Spellcasting
 + Level 5.3 Conjurations
 + Level 5.3 Hexes
 + Level 5.3 Charms
 + Level 5.3 Summonings
 + Level 5.3 Necromancy
 + Level 5.3 Translocations
 + Level 5.3 Transmutations
 + Level 5.3 Fire Magic
 + Level 5.3 Ice Magic
 + Level 5.3 Air Magic
 + Level 5.3 Earth Magic
 + Level 5.3 Poison Magic
 + Level 7.1 Invocations
 + Level 7.0 Evocations


You had 10 spell levels left.
You knew the following spells:

 Your Spells              Type           Power        Failure   Level  Hunger
a - Blink                 Tloc           N/A          16%         2    None
b - Slow                  Hex            ####....     16%         2    None
c - Passwall              Tmut/Erth      ####......   16%         2    None
d - Conjure Flame         Conj/Fire      ####....     32%         3    ##.....
e - Dazzling Spray        Conj/Hex       ####..       32%         3    ##.....


Dungeon Overview and Level Annotations

Branches:
Dungeon (11/15)            Temple (1/1) D:7            Lair (0/6) D:8
    Orc (0/2) D:10

Altars:
Ashenzari
Cheibriados
Dithmenos
Gozag
Hepliaklqana
Makhleb
Nemelex Xobeh
Okawaru
Ru
Sif Muna
Trog
Vehumet
Xom
The Shining One

Shops:
D:6 *   D:7 ?   D:9 *


Innate Abilities, Weirdness & Mutations

Your experience applies equally to all skills.
You have very sharp teeth.
Your uncanny sense of smell can sniff out nearby items.
You possess an exceptional clarity of mind.
Your body sometimes deteriorates upon taking damage.
You are somewhat resistant to further mutation.


Message History

The minotaur hits you!!
* * * LOW HITPOINT WARNING * * *
The minotaur barely misses you.
Okay, then.
Unknown command.
Unknown command.
The minotaur looks more healthy.
Evoke which item? (* to show all) (? for menu, Esc to quit)
Aiming: Corrosive Bolt
Press: ? - help, Shift-Dir - straight line, f - minotaur
Aim: a minotaur (severely wounded)
The bolt of acid hits the minotaur.
The minotaur is splashed with acid.
The acid corrodes the minotaur!
The minotaur is almost dead.
The minotaur closely misses you.
You riposte.
You hit the minotaur.
The minotaur is almost dead.
The minotaur gores you!
* * * LOW HITPOINT WARNING * * *
You feel better. The minotaur hits you!
You die...

.#. #. ## . . . .. .
..# # # #. ∆ #
.#.### ## ## ...# (
⌠.# ######.#####.# ∆
⌠...# #......H@....#
.(.⌠+∆#.#######.####
<(. #....# .# #'
#..### ## #.# #.. .#
####'####..#####
...... ........#
.#.# ##..###.### (
...#.... .#


You could see a minotaur.

Vanquished Creatures
  3 two-headed ogres
  2 unseen horrors (Lab)
  Pikel (D:6)
  A cyclops (D:7)
  Joseph (D:7)
  A centaur zombie (D:10)
  2 centaur skeletons
  A komodo dragon (D:7)
  3 hippogriffs
  Sigmund (D:6)
  A wyvern (D:10)
  A human (D:8)
  Eustachio (D:6)
  3 hungry ghosts
  3 wargs (D:10)
  Duvessa (D:6)
  2 sky beasts
  A black bear (D:9)
  4 orc warriors
  A necrophage (D:9)
  5 ogres
  A phantom (D:6)
  2 centaurs
  A crocodile (D:11)
  2 big kobolds
  6 bullfrogs
  A gnoll sergeant (D:9)
  Dowan (D:6)
  A wyvern skeleton (D:8)
  3 scorpions
  6 killer bees (D:8)
  A howler monkey (D:4)
  4 lava snakes (Lab)
  A bullfrog zombie (D:7)
  A crimson imp (D:5)
  7 hounds
  2 jellies
  10 orc wizards
  2 iguanas
  7 orc priests
  2 bullfrog skeletons
  4 worker ants
  A killer bee zombie (D:8)
  4 hound skeletons
  22 adders
  6 gnolls
  3 river rats (Sewer)
  2 shadow imps (D:6)
  3 oozes
  2 adder skeletons
  3 worms
  2 dart slugs
  7 leopard geckos
  27 orcs
  8 ball pythons (Sewer)
  7 bats
  6 giant cockroaches
  9 goblins
  6 hobgoblins
  11 jackals
  5 quokkas
  7 frilled lizards
  32 kobolds
  A quokka skeleton (D:7)
  29 rats
307 creatures vanquished.

Vanquished Creatures (others)
  3 plants
3 creatures vanquished.

Grand Total: 310 creatures vanquished

Notes
Turn   | Place    | Note
-------+----------+-------------------------------------------
     0 | D:1      | Reached skill level 10 in Armour
     0 | D:1      | keltmir the Gnoll Wanderer began the quest for the Orb.
     0 | D:1      | keltmir set off with: 2 curare-tipped needles, a +2 blowgun, a +0 spear, a +0 ring mail, a ration
     0 | D:1      | Reached XP level 1. HP: 23/23 MP: 2/2
   300 | D:1      | Reached XP level 2. HP: 23/29 MP: 3/3
   540 | D:1      | Reached XP level 3. HP: 34/35 MP: 4/4
  1239 | D:1      | Reached skill level 1 in Invocations
  1539 | D:2      | Reached skill level 1 in Short Blades
  1539 | D:2      | Reached skill level 1 in Long Blades
  1539 | D:2      | Reached skill level 1 in Axes
  1539 | D:2      | Reached skill level 1 in Maces & Flails
  1539 | D:2      | Reached skill level 1 in Polearms
  1539 | D:2      | Reached skill level 1 in Staves
  1539 | D:2      | Reached skill level 1 in Slings
  1539 | D:2      | Reached skill level 1 in Bows
  1539 | D:2      | Reached skill level 1 in Crossbows
  1539 | D:2      | Reached skill level 1 in Dodging
  1539 | D:2      | Reached skill level 1 in Stealth
  1539 | D:2      | Reached skill level 1 in Shields
  1539 | D:2      | Reached skill level 1 in Unarmed Combat
  1539 | D:2      | Reached skill level 1 in Spellcasting
  1539 | D:2      | Reached XP level 4. HP: 23/41 MP: 4/6
  2170 | D:3      | Reached skill level 1 in Conjurations
  2170 | D:3      | Reached skill level 1 in Hexes
  2170 | D:3      | Reached skill level 1 in Charms
  2170 | D:3      | Reached skill level 1 in Summonings
  2170 | D:3      | Reached skill level 1 in Necromancy
  2170 | D:3      | Reached skill level 1 in Translocations
  2170 | D:3      | Reached skill level 1 in Transmutations
  2170 | D:3      | Reached skill level 1 in Fire Magic
  2170 | D:3      | Reached skill level 1 in Ice Magic
  2170 | D:3      | Reached skill level 1 in Air Magic
  2170 | D:3      | Reached skill level 1 in Earth Magic
  2170 | D:3      | Reached skill level 1 in Poison Magic
  2297 | D:3      | Reached XP level 5. HP: 37/47 MP: 7/7
  2329 | D:3      | HP: 2/47 [orc wizard/magic dart (5)]
  2332 | D:3      | Gained mutation: Your body sometimes deteriorates upon taking damage. [potion of mutation]
  2332 | D:3      | Gained mutation: You are somewhat resistant to further mutation. [potion of mutation]
  2332 | D:3      | Gained mutation: You possess an exceptional clarity of mind. [potion of mutation]
  2334 | D:3      | HP: 2/70 [orc wizard/dagger (2)]
  2768 | D:3      | Found a shadowy altar of Dithmenos.
  3534 | D:4      | Noticed a big kobold
  3582 | D:4      | Killed a big kobold
  3582 | D:4      | Reached XP level 6. HP: 53/53 MP: 8/8
  3761 | D:4      | Got a translucent long sword
  3762 | D:4      | Identified the +5 long sword of Tenacity {slice, Dex+4} (You found it on level 4 of the Dungeon)
  3978 | D:4      | Found a burning altar of Makhleb.
  4041 | D:4      | Reached XP level 7. HP: 59/59 MP: 10/10
  4711 | D:5      | Entered Level 5 of the Dungeon
  5667 | D:6      | Noticed Eustachio
  5700 | D:6      | Killed Eustachio
  5700 | D:6      | Reached XP level 8. HP: 61/67 MP: 12/12
  5732 | D:6      | Noticed Duvessa
  5738 | D:6      | Noticed Dowan
  5740 | D:6      | Killed Duvessa
  5750 | D:6      | Killed Dowan
  6050 | D:6      | Found Hugoev's General Store.
  6094 | D:6      | Found a glowing drain.
  6103 | D:6      | Noticed Pikel
  6143 | D:6      | Killed Pikel
  6143 | D:6      | Reached skill level 11 in Armour
  6143 | D:6      | Reached XP level 9. HP: 54/73 MP: 14/14
  6163 | Sewer    | Entered a sewer
  6590 | D:6      | Found a shattered altar of Ashenzari.
  6697 | D:6      | Noticed Sigmund
  6717 | D:6      | Killed Sigmund
  6717 | D:6      | Reached skill level 5 in Throwing
  6717 | D:6      | Reached skill level 5 in Evocations
  6943 | D:7      | Noticed Joseph
  7440 | D:7      | Killed Joseph
  7440 | D:7      | Reached skill level 5 in Invocations
  7761 | D:7      | Found a staircase to the Ecumenical Temple.
  7768 | Temple   | Entered the Ecumenical Temple
  7775 | Temple   | Became a worshipper of Warmaster Okawaru
  7919 | D:7      | Reached XP level 10. HP: 67/80 MP: 17/17
  7929 | D:7      | Found Meath's Magic Scroll Shop.
  7934 | D:7      | Bought a scroll of enchant armour for 75 gold pieces
  7934 | D:7      | Bought a scroll of enchant armour for 75 gold pieces
  7989 | D:7      | Noticed a cyclops
  8069 | D:7      | Killed a cyclops
  8069 | D:7      | Reached * piety under Okawaru
  8069 | D:7      | Reached skill level 5 in Short Blades
  8069 | D:7      | Reached skill level 5 in Long Blades
  8069 | D:7      | Reached skill level 5 in Axes
  8069 | D:7      | Reached skill level 5 in Maces & Flails
  8069 | D:7      | Reached skill level 5 in Polearms
  8069 | D:7      | Reached skill level 5 in Staves
  8069 | D:7      | Reached skill level 5 in Slings
  8069 | D:7      | Reached skill level 5 in Bows
  8069 | D:7      | Reached skill level 5 in Crossbows
  8069 | D:7      | Reached skill level 5 in Dodging
  8069 | D:7      | Reached skill level 5 in Stealth
  8069 | D:7      | Reached skill level 5 in Shields
  8069 | D:7      | Reached skill level 5 in Unarmed Combat
  8069 | D:7      | Reached skill level 5 in Spellcasting
  8859 | D:8      | Found a staircase to the Lair.
  9368 | D:8      | You fall through a shaft for 2 floors!
  9368 | D:10     | Entered Level 10 of the Dungeon
  9402 | D:10     | Reached ** piety under Okawaru
  9423 | D:10     | Noticed a two-headed ogre
  9754 | D:10     | Learned a level 2 spell: Blink
  9757 | D:10     | Learned a level 2 spell: Slow
  9840 | D:10     | Killed a two-headed ogre
  9840 | D:10     | Reached *** piety under Okawaru
  9840 | D:10     | Reached XP level 11. HP: 43/87 MP: 19/19
  9900 | D:10     | Noticed a two-headed ogre
  9920 | D:10     | Killed a two-headed ogre
  9978 | D:10     | Received a gift from Okawaru
  9978 | D:10     | Reached **** piety under Okawaru
 10044 | D:9      | Learned a level 2 spell: Passwall
 10048 | D:9      | Learned a level 3 spell: Conjure Flame
 10092 | D:9      | Reached skill level 5 in Conjurations
 10092 | D:9      | Reached skill level 5 in Hexes
 10092 | D:9      | Reached skill level 5 in Charms
 10092 | D:9      | Reached skill level 5 in Summonings
 10092 | D:9      | Reached skill level 5 in Necromancy
 10092 | D:9      | Reached skill level 5 in Translocations
 10092 | D:9      | Reached skill level 5 in Transmutations
 10092 | D:9      | Reached skill level 5 in Fire Magic
 10092 | D:9      | Reached skill level 5 in Ice Magic
 10092 | D:9      | Reached skill level 5 in Air Magic
 10092 | D:9      | Reached skill level 5 in Earth Magic
 10092 | D:9      | Reached skill level 5 in Poison Magic
 10668 | D:9      | Noticed a two-headed ogre
 10691 | D:9      | Killed a two-headed ogre
 10691 | D:9      | Received a gift from Okawaru
 10775 | D:9      | Learned a level 3 spell: Dazzling Spray
 10840 | D:9      | Found Ireur's Elemental Accessories.
 11425 | D:10     | Found a staircase to the Orcish Mines.
 11735 | D:11     | Found a labyrinth entrance.
 11742 | Lab      | Entered a labyrinth
 11756 | Lab      | Noticed an unseen horror
 11762 | Lab      | Noticed an unseen horror
 11770 | Lab      | Killed an unseen horror
 11777 | Lab      | Killed an unseen horror
 11777 | Lab      | Reached skill level 12 in Armour
 12388 | Lab      | Noticed a minotaur
 12435 | Lab      | Slain by a minotaur

Skill      XL: |  1  2  3  4  5  6  7  8  9 10 11 |
---------------+----------------------------------+-----
Armour         | 11 12 | 12.0
Invocations    | 1 2 3 4 5 6 7 |  7.1
Short Blades   | 1 2 3 4 5 6 |  6.4
Long Blades    | 1 2 3 4 5 6 |  6.4
Axes           | 1 2 3 4 5 6 |  6.4
Maces & Flails | 1 2 3 4 5 6 |  6.4
Polearms       | 1 2 3 4 5 6 |  6.4
Staves         | 1 2 3 4 5 6 |  6.4
Slings         | 1 2 3 4 5 6 |  6.4
Bows           | 1 2 3 4 5 6 |  6.4
Crossbows      | 1 2 3 4 5 6 |  6.4
Dodging        | 1 2 3 4 5 6 |  6.4
Stealth        | 1 2 3 4 5 6 |  6.4
Shields        | 1 2 3 4 5 6 |  6.4
Unarmed Combat | 1 2 3 4 5 6 |  6.4
Spellcasting   | 1 2 3 4 5 6 |  6.4
Conjurations   | 1 2 3 4 5 |  5.3
Hexes          | 1 2 3 4 5 |  5.3
Charms         | 1 2 3 4 5 |  5.3
Summonings     | 1 2 3 4 5 |  5.3
Necromancy     | 1 2 3 4 5 |  5.3
Translocations | 1 2 3 4 5 |  5.3
Transmutations | 1 2 3 4 5 |  5.3
Fire Magic     | 1 2 3 4 5 |  5.3
Ice Magic      | 1 2 3 4 5 |  5.3
Air Magic      | 1 2 3 4 5 |  5.3
Earth Magic    | 1 2 3 4 5 |  5.3
Poison Magic   | 1 2 3 4 5 |  5.3
Throwing       | 3 4 5 6 7 |  7.0
Evocations     | 3 4 5 6 7 |  7.0
Fighting       | 7 8 9 |  9.3

Action                   |  1- 3 |  4- 6 |  7- 9 | 10-12 || total
-------------------------+-------+-------+-------+-------++-------
Melee: Spear             |   130 |   351 |       |       ||   481
       Bite              |    16 |    31 |    33 |    36 ||   116
       Punch             |       |     2 |     3 |     7 ||    12
       Long sword        |       |     8 |   275 |   247 ||   530
 Fire: Blowgun           |       |     7 |    36 |    34 ||    77
Throw: Javelin           |       |       |    12 |    36 ||    48
       Throwing net      |       |       |       |     1 ||     1
 Abil: Evoke Flight      |       |       |       |     1 ||     1
Evoke: Wand              |       |       |       |     4 ||     4
  Use: Scroll            |     2 |     1 |    10 |     7 ||    20
       Potion            |       |     3 |       |     2 ||     5
  Eat: Chunk             |     2 |     9 |    13 |    19 ||    43
       Ration            |       |       |       |     1 ||     1
Armor: Scale mail        |    52 |    47 |       |       ||    99
       Ring mail         |     1 |       |       |       ||     1
       Chain mail        |       |   156 |   238 |   190 ||   584
       Skin              |       |    13 |       |       ||    13
Dodge: Dodged            |    64 |   155 |   209 |   157 ||   585
       Rpst.: Long sword |       |     2 |    53 |    48 ||   103
